 Dungeon Crawl Stone Soup version 0.30.1 (webtiles) character file.

Game seed: 13021347228526620759

175 Pepete the Chiller (level 5, 0/38 HPs)
             Began as a Barachi Ice Elementalist on July 2, 2023.
             Succumbed to a water moccasin's poison
             ... on level 3 of the Dungeon.
             The game lasted 00:04:51 (3626 turns).

Pepete the Chiller (Barachi Ice Elementalist)       Turns: 3626, Time: 00:04:51

Health: 0/38       AC:  2    Str:  9    XL:     5   Next: 55%
Magic:  3/10       EV: 12    Int: 18    God:
Gold:   98         SH:  0    Dex: 12    Spells: 9/10 levels left

rFire   + . .        d - +0 flail
rCold   + . .        (no shield)
rNeg    . . .        a - +0 robe
rPois   +            (no helmet)
rElec   +            (no cloak)
rCorr   +            (no gloves)
SInv    .            (no boots)
Will    .....        (no amulet)
Stlth   ++           (no ring)
HPRegen 0.26/turn    (no ring)
MPRegen 0.12/turn

%: no passive effects
@: lethally poisoned (0 -> -6), resistant, slow
A: amphibious, slowness 1, strong legs 1, +LOS
a: Hop


You were on level 3 of the Dungeon.
You visited 1 branch of the dungeon, and saw 3 of its levels.

You collected 98 gold pieces.

Inventory:

Hand Weapons
 d - a +0 flail (weapon)
Armour
 a - a +0 robe (worn)
Jewellery
 j - an amulet of magic regeneration
 n - a ring of see invisible
Scrolls
 b - 6 scrolls of identify
 c - a scroll of magic mapping
Potions
 l - a potion of flight


   Skills:
 + Level 1.7 Fighting
 + Level 1.6 Armour
 - Level 2.1 Dodging
 - Level 1.7 Stealth
 * Level 3.3 Spellcasting
 * Level 2.8 Conjurations
 * Level 5.7 Ice Magic


You had 9 spell levels left.
You knew the following spells:

 Your Spells              Type           Power      Damage    Failure   Level
a - Freeze                Ice            92%        1d9       1%          1

Your spell library contained the following spells:

 Spells                   Type           Power      Damage    Failure   Level
 Frozen Ramparts          Ice            46%        1d7       4%          3
 Ozocubu's Armour         Ice            23%        N/A       4%          3
 Poisonous Vapours        Pois/Air       6%         N/A       24%         2
 Mephitic Cloud           Conj/Pois/Air  6%         N/A       32%         3
 Inner Flame              Hex/Fire       3%         N/A       43%         3
 Summon Ice Beast         Ice/Summ       13%        N/A       43%         4
 Flame Wave               Conj/Fire      8%         2d5       65%         4
 Sticky Flame             Conj/Fire      8%         2d3       65%         4
 Freezing Cloud           Conj/Ice/Air   6%         6-21      80%         5


Dungeon Overview and Level Annotations

Branches:
Dungeon (3/15)

Altars:


Innate Abilities, Weirdness & Mutations

You are amphibious.
You cover ground slowly.
You can hop short distances.
You have an extended range of vision and can be seen from far away.


Message History

Unknown command.
Casting: Freeze (safe; 1% risk of failure)
Confirm with . or Enter, or press ? or * to list all spells.
Aiming: Freeze (safe; 1% risk of failure)
Press: ? - help, Shift-Dir - straight line, f/p - water moccasin
Aim: a water moccasin (severely wounded, slow)
You freeze the water moccasin!
You kill the water moccasin!
You feel very sick. The giant cockroach barely misses you.
Your Spellcasting skill increases to level 3!
You have reached level 5!
You barely miss the giant cockroach.
* * * LOW HITPOINT WARNING * * *
You feel very sick. The giant cockroach bites you.
* * * LOW HITPOINT WARNING * * *
The giant cockroach waves its antennae.
The giant cockroach bites you but does no damage.
Casting: Freeze (safe; 1% risk of failure)
Confirm with . or Enter, or press ? or * to list all spells.
Aiming: Freeze (safe; 1% risk of failure)
Press: ? - help, Shift-Dir - straight line, f - giant cockroach
Aim: a giant cockroach You freeze the giant cockroach!
You kill the giant cockroach!
* * * LOW HITPOINT WARNING * * *
You feel very sick.
There is a lethal amount of poison in your body!
There is a lethal amount of poison in your body!
It was a potion of cancellation.
Your magical effects are unravelling.
You feel magically purged.
Your magical contamination has completely faded away.
You feel a little less mighty now.
* * * LOW HITPOINT WARNING * * *
You feel sick.
It was a potion of resistance.
You feel protected.
You die...

..... . ....
..#########.....
.......!......... ...#
............. ...
...#### ............#
#.# #.....# ...........#
#.# #.....# #........#
#.# #.....# #......@.#
#.# #.....#
.##.....†..####.#
#.....#
..............#.##
#.....#
##........##.#..#
#.....# #.......#...##.#
#.....#
#.#............###.....#
# #.###.....#...##.....#
#. #...#.#.......#.#. .
##.##.###.#####.#[


There were no monsters in sight!

Vanquished Creatures
  A water moccasin (D:3)
  2 adders (D:2)
  A dart slug (D:1)
  7 endoplasms
  5 giant cockroaches
  5 goblins
  5 hobgoblins
  3 jackals (D:1)
  3 kobolds (D:2)
  5 ball pythons
  3 bats
  2 frilled lizards
  6 rats
48 creatures vanquished.

Notes
Turn   | Place    | Note
-------+----------+-------------------------------------------
     0 | D:1      | Pepete the Barachi Ice Elementalist began the quest for the
                  | Orb.
     0 | D:1      | Reached XP level 1. HP: 13/13 MP: 3/3
   239 | D:1      | Reached XP level 2. HP: 20/20 MP: 3/5
   475 | D:1      | Reached skill level 5 in Ice Magic
   564 | D:1      | Reached skill level 1 in Conjurations
  1056 | D:1      | Reached XP level 3. HP: 21/25 MP: 3/6
  2471 | D:2      | Found a faded altar of an unknown god.
  2637 | D:2      | HP: 1/25 [hobgoblin/sling bullet (1)]
  2903 | D:2      | Reached skill level 1 in Fighting
  2903 | D:2      | Reached skill level 1 in Armour
  2903 | D:2      | Reached XP level 4. HP: 29/32 MP: 4/8
  3597 | D:3      | Noticed a water moccasin
  3622 | D:3      | Killed a water moccasin
  3623 | D:3      | Reached XP level 5. HP: 12/38 MP: 3/10
  3626 | D:3      | Succumbed to a water moccasin's poison

Illustrated notes

Levels and vault maps discovered:
D:1:      minmay_arrival_three_doors, layout_basic, nrook_loot_triangle,
          minmay_vboxes
D:2:      layout_basic, shapermc_ecumenical_altar_pompeii
D:3:      layout_basic, nicolae_goblin_pals, uniq_terence

Skill      XL: |  1  2  3  4 |
---------------+-------------+-----
Ice Magic      | 5 |  5.7
Conjurations   | 1 2 |  2.8
Fighting       | 1 |  1.7
Armour         | 1 |  1.6
Spellcasting   | 3 |  3.3
Dodging        | |  2.1
Stealth        | |  1.7

Action                     |  1- 3 |  4- 6 || total
---------------------------+-------+-------++-------
  Melee: Unarmed           |     5 |       ||     5
         Flail             |    14 |     8 ||    22
   Cast: Freeze            |    52 |    13 ||    65
Ability: Hop               |     1 |       ||     1
    Use: Potion            |     3 |     5 ||     8
         Scroll            |     2 |     2 ||     4
 Armour: Robe              |    12 |     2 ||    14
  Dodge: Dodged            |    40 |    27 ||    67
